 Dungeon Crawl Stone Soup version 0.32-a0-599-gba8f9cf90e (webtiles) character file.

Game seed: 1372358852553941035

201417 gimp the Sorcerer (level 17, 0/115 HPs)
             Began as a Mummy Earth Elementalist on Mar 2, 2024.
             Was the Champion of Vehumet.
             Slain by a merfolk impaler
             ... wielding a +4 trident of freezing
              (19 damage)
             ... on level 2 of the Shoals.
             The game lasted 01:22:26 (41603 turns).

gimp the Sorcerer (Mummy Earth Elementalist)       Turns: 41603, Time: 01:22:26

Health: 0/115      AC: 12    Str: 17    XL:     17   Next: 91%
Magic:  28/42      EV: 17    Int: 32    God:    Vehumet [******]
Gold:   1954       SH: 16    Dex: 22    Spells: 29/59 levels left

rFire   + + +        a - staff of the Elven Halls {rPois Str+4 Dex+3 Tloc Fire Alchemy}
rCold   + + +        H - +2 kite shield {rC+}
rNeg    + + +        i - +2 leather armour of Day {^Contam rF+ Int+5}
rPois   ∞            C - +1 hat {SInv}
rElec   .            R - scarf {rC+ rF+}
rCorr   .            o - +1 pair of gloves {Dex+3}
SInv    +            S - +3 pair of mountain boots {steadfast, rC+}
Will    ++...        Q - amulet of magic regeneration
Stlth   ++           M - ring "Tinofouw" {rF++ Int+6 Dex+4}
HPRegen 0.39/turn    P - ring of flight
MPRegen 0.68/turn

%: faith
@: flying
A: cold resistance 1, negative energy resistance 3, torment resistance 2, heat
vulnerability 1, in touch with death 2, no potions, faith
}: 1/15 runes: gossamer
a: Renounce Religion


You were on level 2 of the Shoals.
You worshipped Vehumet.
Vehumet was exalted by your worship.
You visited 5 branches of the dungeon, and saw 28 of its levels.
You also visited: Gauntlet and Ice Cave.

You collected 2904 gold pieces.
You spent 950 gold pieces at shops.

Inventory:

Armour
 i - the +2 leather armour of Day (worn) {^Contam rF+ Int+5}
   (You found it on level 2 of the Dungeon)

   Int+5:     It affects your intelligence (+5).
   rF+:       It protects you from fire.
   ^Contam:   It causes magical contamination when unequipped.
 k - a +2 helmet
 o - a +1 pair of gloves of dexterity (worn)
 C - a +1 hat of see invisible (worn)
 E - a +2 pair of boots of flying
 H - a +2 kite shield of cold resistance (worn)
 R - a scarf of resistance (worn)
 S - the +3 pair of mountain boots (worn) {steadfast, rC+}
   (You found it on level 4 of the Spider Nest)

   Steadfast: It prevents involuntary movement, except for blinking,
   teleportation, or banishment.
   rC+:       It protects you from cold.
Magical Staves
 a - the staff of the Elven Halls (weapon) {rPois Str+4 Dex+3 Tloc Fire Alchemy}
   (You found it in a Gauntlet)

   [staff of alchemy]

   Base accuracy: +5 Base damage: 5 Base attack delay: 1.2 This weapon's minimum
   attack delay (0.6) is reached at skill level 12.
   Str+4:     It affects your strength (+4).
   Dex+3:     It affects your dexterity (+3).
   rPois:     It protects you from poison.
   Tloc:      It increases the power of your Translocations spells.
   Fire:      It increases the power of your Fire spells.
   Alchemy:   It increases the power of your Alchemy spells.
   It falls into the 'Staves' category.
   It is a one-handed weapon.
 b - the staff of Tortured Watchfulness {rElec Int+2 Air}
   (You found it on level 2 of the Dungeon)

   [staff of air]

   Base accuracy: +5 Base damage: 5 Base attack delay: 1.2 This weapon's minimum
   attack delay (0.6) is reached at skill level 12.
   Int+2:     It affects your intelligence (+2).
   rElec:     It insulates you from electricity.
   Air:       It increases the power of your Air spells.
   It falls into the 'Staves' category.
   It is a one-handed weapon.
Jewellery
 e - a +6 ring of intelligence
 g - a ring of ice
 w - a +4 ring of protection
 A - a ring of wizardry
 K - a ring of willpower
 M - the ring "Tinofouw" (left hand) {rF++ Int+6 Dex+4}
   (You took it off a minotaur in a Gauntlet)

   [ring of intelligence]

   Int+6:     It affects your intelligence (+6).
   Dex+4:     It affects your dexterity (+4).
   rF++:      It greatly protects you from fire.
 P - a ring of flight (right hand)
 Q - an amulet of magic regeneration (around neck)
Wands
 l - a wand of iceblast (17)
 m - a wand of flame (61)
 q - a wand of polymorph (8)
 v - a wand of digging (17)
 y - a wand of paralysis (31)
 B - a wand of acid (15)
 D - a wand of mindburst (9)
Scrolls
 c - 12 scrolls of fear
 d - 2 scrolls of torment
 f - 6 scrolls of identify
 h - 12 scrolls of teleportation
 j - 6 scrolls of enchant armour
 n - 4 scrolls of fog
 p - 4 scrolls of revelation
 r - 5 scrolls of amnesia
 t - 2 scrolls of butterflies
 F - 5 scrolls of blinking
 G - a scroll of silence
 J - 2 scrolls of immolation
 O - 4 scrolls of vulnerability
Miscellaneous
 I - a phial of floods
 L - a condenser vane
 N - a sack of spiders


   Skills:
 + Level 5.0 Fighting
 - Level 9.0 Dodging
 - Level 1.5 Stealth
 - Level 12.0 Shields
 + Level 21.9 Spellcasting
 - Level 10.0 Conjurations
 + Level 12.0 Fire Magic
 - Level 8.0 Earth Magic
 - Level 5.4 Alchemy


You had 29 spell levels left.
You knew the following spells:

 Your Spells              Type           Power      Damage    Failure   Level
a - Stone Arrow           Conj/Erth      100%       3d13      1%          3
b - Sandblast             Erth           100%       2d20      1%          1
c - Irradiate             Conj/Alch      45%        3d26      1%          5
d - Flame Wave            Conj/Fire      100%       2d21      1%          4
e - Fireball              Conj/Fire      51%        3d20      1%          5
f - Iskenderun's Mystic   Conj/Tloc      79%        2d16      1%          4
g - Ignition              Fire           53%        3d15      24%         8

Your spell library contained the following spells:

 Spells                   Type           Power      Damage    Failure   Level
 Fire Storm               Conj/Fire      51%        8d13      99%         9
 Polar Vortex             Ice            17%        12d2*     100%        9
 Shatter                  Erth           36%        3d29*     100%        9
 Freeze                   Ice            100%       1d10      1%          1
 Magic Dart               Conj           100%       1d8       1%          1
 Cigotuvi's Dreadful Rot  Necr/Alch/Air  100%       N/A       1%          2
 Momentum Strike          Conj/Tloc      100%       3d10      1%          2
 Frozen Ramparts          Ice            70%        1d11      1%          3
 Hailstorm                Conj/Ice       61%        3d11      1%          3
 Inner Flame              Hex/Fire       84%        N/A       1%          3
 Passwall                 Erth           72%        N/A       1%          3
 Volatile Blastmotes      Fire/Tloc      100%       2d18      1%          3
 Brom's Barrelling Bould  Conj/Erth      75%        2d9       1%          4
 Fulminant Prism          Conj/Alch      45%        3d20      1%          4
 Petrify                  Alch/Erth      87%        N/A       1%          4
 Iskenderun's Battlesphe  Conj           78%        2d13      1%          5
 Apportation              Tloc           100%       N/A       2%          1
 Slow                     Hex            100%       N/A       2%          1
 Blink                    Tloc           100%       N/A       3%          2
 Call Imp                 Summ           70%        N/A       3%          2
 Ensorcelled Hibernation  Hex/Ice        70%        N/A       3%          2
 Jinxbite                 Hex            70%        N/A       3%          2
 Lesser Beckoning         Tloc           100%       N/A       3%          2
 Animate Armour           Summ/Erth      100%       N/A       4%          4
 Yara's Violent Unravell  Hex/Alch       34%        3d14      5%          5
 Confusing Touch          Hex            35%        N/A       6%          3
 Fugue of the Fallen      Necr           68%        N/A       6%          3
 Gell's Gravitas          Tloc           51%        N/A       6%          3
 Sigil of Binding         Hex            35%        N/A       6%          3
 Teleport Other           Tloc           51%        N/A       6%          3
 Tukima's Dance           Hex            35%        N/A       6%          3
 Vampiric Draining        Necr           68%        2d10      6%          3
 Alistair's Intoxication  Alch           54%        N/A       6%          5
 Orb of Destruction       Conj           39%        9d11      9%          7
 Conjure Ball Lightning   Conj/Air       30%        3x3d10    11%         6
 Anguish                  Hex/Necr       34%        N/A       22%         4
 Animate Dead             Necr           68%        N/A       22%         4
 Cause Fear               Hex            17%        N/A       22%         4
 Dispel Undead            Necr           68%        3d23      22%         4
 Martyr's Knell           Necr/Summ      68%        N/A       22%         4
 Passage of Golubria      Tloc           51%        N/A       22%         4
 Silence                  Hex/Air        17%        N/A       52%         5
 Lehudib's Crystal Spear  Conj/Erth      37%        10d9      63%         8
 Death Channel            Necr           34%        N/A       97%         6
 Haunt                    Necr/Summ      34%        N/A       100%        7
 Malign Gateway           Summ/Tloc      25%        N/A       100%        7
 Infestation              Necr           34%        N/A       100%        8
 Summon Horrible Things   Summ           17%        N/A       100%        8
 Dragon's Call            Summ           17%        N/A       100%        9
 Borgnjor's Revivificati  Necr           Unusable   N/A       N/A         8
 Death's Door             Necr           Unusable   N/A       N/A         9

Dungeon Overview and Level Annotations

Branches:
Dungeon (15/15)            Temple (0/1) D:7            Lair (5/5) D:11
 Shoals (2/4) Lair:2       Spider (4/4) Lair:3        Slime (0/5) Lair:5
    Orc (2/2) D:11            Elf (0/3) Orc:2        Vaults (0/5) D:14
 Depths (0/4) D:15          IceCv (visited)         Gauntlet (visited)

Altars:
Ashenzari
Cheibriados
Dithmenos
Fedhas
Gozag
Hepliaklqana
Kikubaaqudgha
Ru
Sif Muna
Vehumet
Beogh
Jiyva
Lugonu

Shops:
D:2 :(*?   D:12 =   Orc:2 **(?=

Portals:
Abyss: Lair:5

Annotations:
D:9 Erica
D:10 1 runed translucent door, exclusion: door, anonymouscript's ghost, novice TrCK
D:12 Rupert
D:14 Roxanne
Lair:3 3 runed translucent doors, exclusion: 3 doors, jamsaran's ghost, journeyman DgAl


Innate Abilities, Weirdness & Mutations

You are immune to poison.
Your flesh is cold resistant. (rC+)
You are immune to negative energy. (rN+++)
You are immune to unholy pain and torment.
You are vulnerable to heat. (rF-)
You are strongly in touch with the powers of death.
You do not drink.
You have a special connection with the divine. (Faith)


Message History

You feel your power returning.
The wind drake is blasted with magical radiation!!!
You kill the wind drake!
Vehumet accepts your kill.
You feel your power returning.
You are very lightly contaminated with residual magic.
The centaur warrior is engulfed in a cloud of scalding steam.
The centaur warrior shoots an arrow.
The arrow hits you! The wind drake flaps its wings at you.
The air twists around and strikes you.
The centaur warrior is engulfed in a cloud of scalding steam.
You kill the centaur warrior!
Vehumet accepts your kill.
You feel your power returning.
You hear a splash.
The wind drake exhales a fierce blast of wind!
Your boots keep you from being knocked back.
You hear a shout!
You take 13 damage, and have 46/113 hp.
You regained 2 mp, and now have 25/42 mp.
The wind drake flaps its wings at you. The air twists around and strikes you.
You fly upwards.
There is a stone staircase leading down here.
You take 5 damage, and have 41/113 hp.
You regained 2 mp, and now have 27/42 mp.
Casting: Irradiate (mildly dangerous; 1% risk of failure)
Confirm with . or Enter, or press ? or * to list all spells.
You feel a surge of power!
You erupt in a fountain of uncontrolled magic!
The wind drake is blasted with magical radiation!!!
You kill the wind drake!
Vehumet accepts your kill.
You feel your power returning.
You are lightly contaminated with residual magic.
Your Fighting skill increases to level 5!
You now have 25/42 mp.
Magic restored.
Your magical contamination has completely faded away.
HP restored.
Done exploring.
Health restored: 115; MP restored: 42 You fly downwards.
You block the alligator snapping turtle's attack.
The alligator snapping turtle bites you from afar!
There is a stone staircase leading up here.
You take 15 damage, and have 100/115 hp.
Casting: Irradiate (mildly dangerous; 1% risk of failure)
Confirm with . or Enter, or press ? or * to list all spells.
Aiming: Fireball (mildly dangerous; 1% risk of failure)
Press: ? - help, Shift-Dir - straight line, f - alligator snapping turtle
Aim: an alligator snapping turtle You feel a surge of power!
The fireball explodes!
The fireball engulfs the alligator snapping turtle!!
The alligator snapping turtle is lightly wounded.
You now have 37/42 mp.
Casting: Fireball (mildly dangerous; 1% risk of failure)
Confirm with . or Enter, or press ? or * to list all spells.
You feel a surge of power!
You erupt in a blast of force!
The mystic blast hits the alligator snapping turtle but does no damage.
The alligator snapping turtle is lightly wounded.
You block the alligator snapping turtle's attack.
A merfolk impaler comes into view.
It is wielding a +4 trident of freezing.
You now have 34/42 mp.
Casting: Iskenderun's Mystic Blast (mildly dangerous; 1% risk of failure)
Confirm with . or Enter, or press ? or * to list all spells.
Aiming: Stone Arrow (safe; 1% risk of failure)
Press: ? - help, Shift-Dir - straight line, f/p - alligator snapping turtle
Aim: an alligator snapping turtle (lightly wounded, 100% to hit)
The stone arrow hits the alligator snapping turtle!!
The alligator snapping turtle is moderately wounded.
The alligator snapping turtle bites you from afar!
You take 11 damage, and have 90/115 hp.
You now have 32/42 mp.
Unknown command.
Casting: Stone Arrow (safe; 1% risk of failure)
Confirm with . or Enter, or press ? or * to list all spells.
Aiming: Stone Arrow (safe; 1% risk of failure)
Press: ? - help, Shift-Dir - straight line, f/p - alligator snapping turtle
Aim: an alligator snapping turtle (moderately wounded, 100% to hit)
The stone arrow hits the alligator snapping turtle.
The alligator snapping turtle is moderately wounded.
The alligator snapping turtle bites you from afar!!
The merfolk impaler completely misses you.
You take 24 damage, and have 66/115 hp.
MASSIVE DAMAGE!!
You now have 30/42 mp.
Casting: Stone Arrow (safe; 1% risk of failure)
Confirm with . or Enter, or press ? or * to list all spells.
Aiming: Stone Arrow (safe; 1% risk of failure)
Press: ? - help, Shift-Dir - straight line, f/p - alligator snapping turtle
Aim: an alligator snapping turtle (moderately wounded, 100% to hit)
The stone arrow hits the alligator snapping turtle!
The alligator snapping turtle is moderately wounded.
You block the merfolk impaler's attack.
The alligator snapping turtle bites you from afar!!
You take 29 damage, and have 37/115 hp.
MASSIVE DAMAGE!!
You now have 27/42 mp.
The merfolk impaler hits you from afar with a +4 trident of freezing!
* * * LOW HITPOINT WARNING * * *
The merfolk impaler freezes you.
* * * LOW HITPOINT WARNING * * *
The merfolk impaler hits you from afar with a +4 trident of freezing!!
You die...

~~≈≈≈~.~~~~
~~~≈~~~~~≈
~~~≈≈≈)≈~.
.~~≈≈≈~~.
..~≈≈≈≈~~
#)t....~≈
#†......~
#@†......
##......#
m.#....
#......
.... m
#.....~
>#.~~~
.....


You could see an alligator snapping turtle, a merfolk impaler and a merfolk.

Vanquished Creatures
  Arachne (Spider:2)
  A kraken (Shoals:1)
  4 emperor scorpions
  A balrug (Gauntlet)
  8 ghost moths
  A reaper (IceCv)
  2 broodmothers (Spider:3)
  Azrael (D:14)
  6 spark wasps
  A minotaur (Gauntlet)
  A merfolk impaler (Shoals:2)
  An ettin (Orc:2)
  3 entropy weavers
  2 vault guards (D:14)
  Erolcha (Orc:1)
  5 hydras
  An ironbound frostheart (D:14)
  4 centaur warriors
  4 ogre magi
  A catoblepas (Lair:5)
  2 radroaches
  A sphinx zombie (D:15)
  18 two-headed ogres
  8 death yaks
  3 jorogumos (Spider:4)
  3 boulder beetles
  6 demonic crawlers
  3 thrashing horrors (Lair:5)
  7 hell knights (D:15)
  A storm dragon zombie (D:15)
  8 pharaoh ants
  3 skysharks
  12 skeletal warriors
  A sun moth (Spider:4)
  A flayed ghost (D:15)
  2 sea snakes
  15 orb spiders
  3 necromancers (D:15)
  3 deep elf pyromancers
  An orc knight (Orc:2)
  A large abomination (Lair:5)
  8 steelbarb worms
  A deep elf zephyrmancer (D:10)
  4 harpies
  3 ugly things
  25 wolf spiders
  4 manticores
  An orc sorcerer (Orc:2)
  3 fauns (Shoals:1)
  7 cyclopes
  Maurice (D:10)
  16 elephants
  8 meliai
  4 black mambas
  2 guardian serpents (shapeshifter)
  3 kobold blastminers
  6 moths of wrath
  An ice statue (IceCv)
  A merfolk siren (Shoals:1)
  A cane toad (shapeshifter) (D:15)
  6 torpor snails
  10 cane toads
  A smoke demon (Lair:5)
  A rime drake (shapeshifter) (Lair:5)
  4 rime drakes
  10 komodo dragons
  An anaconda simulacrum (IceCv)
  3 merfolk
  4 trolls
  30 tarantellas
  17 blink frogs
  3 wind drakes
  3 snapping turtles
  2 raiju (Lair:5)
  11 dream sheep (Lair:5)
  29 culicivoras
  A centaur simulacrum (D:15)
  A culicivora (shapeshifter) (Lair:5)
  22 jumping spiders
  3 slime creatures (D:15)
  2 dire elephant simulacra (IceCv)
  4 wyverns
  A vampire (D:13)
  2 spriggans (Lair:5)
  6 basilisks
  66 yaks
  A ynoxinul (Lair:5)
  5 fire elementals (D:14)
  A wraith (D:11)
  A death yak simulacrum (IceCv)
  8 small abominations (Lair:5)
  A yak (shapeshifter) (Lair:5)
  2 humans (D:14)
  A warg (shapeshifter) (D:15)
  4 vampire mosquitoes
  70 redbacks
  3 steam dragons
  2 wargs (Orc:2)
  Menkaure (D:7)
  2 harpy simulacra (IceCv)
  2 chaos spawn (Lair:5)
  3 acid dragons
  A hydra simulacrum (IceCv)
  8 hell hounds
  Duvessa (D:6)
  An acid dragon (shapeshifter) (D:14)
  15 water moccasins
  A sky beast (shapeshifter) (D:14)
  A swamp drake (D:10)
  A black bear (D:6)
  27 ogres
  An ice beast (D:5)
  18 orc warriors
  3 laughing skulls (Gauntlet)
  6 wolves
  A phantom (D:5)
  9 centaurs
  A weeping skull (Gauntlet)
  A kobold brigand (D:7)
  13 bullfrogs
  4 scorpions
  2 cane toad simulacra (IceCv)
  6 two-headed ogre simulacra (IceCv)
  A gnoll sergeant (D:7)
  21 wights
  Dowan (D:6)
  A crimson imp (D:10)
  2 howler monkeys
  A bombardier beetle (D:3)
  A centaur zombie (D:7)
  2 hounds (D:5)
  7 jellies
  17 orc priests
  An iron imp (D:10)
  A sleepcap (D:6)
  Terence (D:3)
  8 iguanas
  18 orc wizards
  9 troll simulacra (IceCv)
  A polar bear simulacrum (IceCv)
  8 spriggan simulacra (IceCv)
  2 wolf simulacra (IceCv)
  2 killer bee zombies (D:7)
  2 howler monkey zombies (D:7)
  Robin (D:3)
  4 gnolls (D:7)
  4 adders
  6 naga simulacra (IceCv)
  A shadow imp (D:10)
  3 white imps
  7 ufetubi (IceCv)
  A dart slug (D:5)
  2 ribbon worms
  80 orcs
  8 ball pythons
  3 bats
  8 endoplasms
  3 giant cockroaches
  10 hobgoblins
  7 jackals
  12 kobolds
  2 quokkas
  2 frilled lizards (D:1)
  15 goblins
  4 rats
  A tentacle (Shoals:1)
1012 creatures vanquished.

Vanquished Creatures (collateral kills)
  An entropy weaver (Spider:2)
1 creature vanquished.

Vanquished Creatures (others)
  A butterfly (D:7)
  3 tentacles (Shoals:1)
4 creatures vanquished.

Grand Total: 1017 creatures vanquished

Notes
Turn   | Place    | Note
-------+----------+-------------------------------------------
     0 | D:1      | gimp the Mummy Earth Elementalist began the quest for the
                  | Orb.
     0 | D:1      | Reached XP level 1. HP: 13/13 MP: 4/4
   130 | D:1      | Reached skill level 1 in Conjurations
   315 | D:1      | Reached skill level 3 in Spellcasting
   399 | D:1      | Reached XP level 2. HP: 19/19 MP: 1/6
   828 | D:2      | Identified the staff of Tortured Watchfulness {rElec Int+2
                  | Air}
   968 | D:2      | Identified the +2 leather armour of Day {^Contam rF+ Int+5}
  1159 | D:2      | Found Nytecu's Book Shoppe.
  1216 | D:2      | Reached XP level 3. HP: 24/24 MP: 5/7
  1287 | D:2      | Found Wafijeg's Magic Scroll Emporium.
  1290 | D:2      | Found Ziob's Assorted Antiques.
  1295 | D:2      | Bought a scroll of teleportation for 33 gold pieces
  1500 | D:2      | Found a faded altar of an unknown god.
  1797 | D:2      | Found Taen's Weapon Shop.
  2083 | D:2      | Learned a level 3 spell: Stone Arrow
  2087 | D:3      | Reached XP level 4. HP: 30/30 MP: 6/9
  2109 | D:3      | Reached skill level 4 in Spellcasting
  2221 | D:3      | Noticed Robin
  2353 | D:3      | Noticed Terence
  2445 | D:3      | Found a blossoming altar of Fedhas.
  2445 | D:3      | Found an ancient bone altar of Kikubaaqudgha.
  2445 | D:3      | Found a snail-covered altar of Cheibriados.
  2455 | D:3      | Killed Robin
  2630 | D:3      | Reached XP level 5. HP: 35/35 MP: 8/11
  2674 | D:3      | Killed Terence
  2996 | D:3      | You fall into a shaft and drop 3 floors!
  2996 | D:6      | Found a broken altar of Ashenzari.
  3033 | D:5      | Entered Level 5 of the Dungeon
  3368 | D:4      | Found a radiant altar of Vehumet.
  3379 | D:4      | Became a worshipper of Vehumet
  3497 | D:4      | Reached skill level 5 in Spellcasting
  3497 | D:4      | Reached XP level 6. HP: 41/41 MP: 6/13
  3865 | D:4      | Found a shimmering blue altar of Sif Muna.
  4332 | D:5      | Reached XP level 7. HP: 46/46 MP: 0/15
  4622 | D:5      | Found a shadowy altar of Dithmenos.
  4629 | D:5      | Reached * piety under Vehumet
  4629 | D:5      | Offered knowledge of Kiss of Death by Vehumet.
  4630 | D:5      | Reached skill level 6 in Spellcasting
  5387 | D:6      | Reached skill level 7 in Spellcasting
  5387 | D:6      | Reached skill level 5 in Earth Magic
  5387 | D:6      | Reached XP level 8. HP: 52/52 MP: 11/18
  5535 | D:6      | Noticed Duvessa
  5543 | D:6      | Killed Duvessa
  5543 | D:6      | Noticed Dowan
  5554 | D:6      | Killed Dowan
  6042 | D:6      | Found an opulent altar of Gozag.
  6261 | D:6      | Reached skill level 5 in Conjurations
  6435 | D:6      | Reached skill level 8 in Spellcasting
  6437 | D:6      | Offered knowledge of Mercury Vapours by Vehumet.
  6438 | D:6      | Reached skill level 1 in Fighting
  6591 | D:7      | Reached ** piety under Vehumet
  6804 | D:7      | Reached XP level 9. HP: 61/62 MP: 7/21
  7199 | D:7      | Reached skill level 9 in Spellcasting
  7354 | D:7      | Noticed Menkaure
  7355 | D:7      | Killed Menkaure
  7459 | D:7      | Found a staircase to the Ecumenical Temple.
  7514 | D:7      | Found a hazy altar of Hepliaklqana.
  8016 | D:7      | Offered knowledge of Inner Flame by Vehumet.
  8319 | D:8      | Learned a level 5 spell: Irradiate
  8562 | D:8      | Reached skill level 1 in Alchemy
  8710 | D:8      | Reached *** piety under Vehumet
  9066 | D:8      | Reached skill level 10 in Spellcasting
  9073 | D:8      | Offered knowledge of Flame Wave by Vehumet.
  9199 | D:8      | Learned a level 4 spell: Flame Wave
  9762 | D:9      | Reached XP level 10. HP: 70/70 MP: 20/24
  9814 | D:9      | Noticed Erica
 10244 | D:8      | Reached **** piety under Vehumet
 11065 | D:10     | Entered Level 10 of the Dungeon
 11090 | D:10     | Noticed anonymouscript's ghost (novice TrCK)
 11093 | D:10     | Found a runed translucent door.
 11342 | D:10     | Found a sacrificial altar of Ru.
 11364 | D:10     | Reached skill level 11 in Spellcasting
 11496 | D:10     | Offered knowledge of Yara's Violent Unravelling by Vehumet.
 11503 | D:10     | Reached skill level 5 in Dodging
 11874 | D:10     | Noticed a deep elf pyromancer
 11879 | D:10     | Killed a deep elf pyromancer
 12012 | D:10     | Noticed a deep elf zephyrmancer
 12015 | D:10     | Killed a deep elf zephyrmancer
 12016 | D:10     | Reached XP level 11. HP: 60/75 MP: 19/26
 12171 | D:10     | Noticed Maurice
 12183 | D:10     | Killed Maurice
 12724 | D:11     | Found a staircase to the Orcish Mines.
 12879 | D:11     | Found a staircase to the Lair.
 12939 | D:11     | Reached skill level 5 in Alchemy
 13089 | D:11     | Reached skill level 12 in Spellcasting
 13346 | D:11     | Reached ***** piety under Vehumet
 13634 | D:11     | Offered knowledge of Fireball by Vehumet.
 13641 | D:11     | Learned a level 5 spell: Fireball
 14017 | Lair:1   | Entered Level 1 of the Lair of Beasts
 14017 | Lair:1   | Noticed a death yak
 14017 | Lair:1   | Noticed a death yak
 14018 | Lair:1   | Noticed a death yak
 14019 | Lair:1   | Noticed a death yak
 14021 | Lair:1   | Killed a death yak
 14021 | Lair:1   | Noticed a death yak
 14025 | D:11     | Reached skill level 1 in Fire Magic
 14029 | D:11     | Killed a death yak
 14154 | D:11     | Killed a death yak
 14240 | D:11     | Killed a death yak
 14240 | D:11     | Killed a death yak
 14376 | Lair:1   | Reached skill level 13 in Spellcasting
 14469 | D:11     | Reached XP level 12. HP: 75/81 MP: 15/29
 15588 | Lair:2   | Found a frozen archway.
 15721 | IceCv    | Entered an ice cave
 15994 | IceCv    | Identified the +0 ring mail of the Beggar {rC- Str+8 Dex+3
                  | Slay-6}
 16516 | IceCv    | Offered knowledge of Arcjolt by Vehumet.
 16520 | IceCv    | Reached skill level 14 in Spellcasting
 16920 | IceCv    | Noticed a reaper
 16925 | IceCv    | Killed a reaper
 16926 | IceCv    | Reached skill level 5 in Fire Magic
 17344 | Lair:2   | Noticed a four-headed hydra
 17349 | Lair:2   | Killed a four-headed hydra
 18350 | Lair:2   | Gained mutation: You are strongly in touch with the powers
                  | of death. [Mummy growth]
 18350 | Lair:2   | Reached XP level 13. HP: 86/86 MP: 24/31
 18567 | Lair:2   | Found a staircase to the Shoals.
 19626 | Lair:3   | Noticed jamsaran's ghost (journeyman DgAl)
 19764 | Lair:3   | Found a runed translucent gate.
 19766 | Lair:3   | Found a runed translucent gate.
 19767 | Lair:3   | Found a runed translucent gate.
 20081 | Lair:3   | Found a hole to the Spider Nest.
 20113 | Lair:3   | Offered knowledge of Orb of Destruction by Vehumet.
 20697 | Lair:4   | Reached skill level 1 in Shields
 20800 | Lair:4   | Reached skill level 15 in Spellcasting
 21425 | Lair:5   | Entered Level 5 of the Lair of Beasts
 23025 | Lair:5   | Reached XP level 14. HP: 89/93 MP: 17/33
 23111 | Lair:5   | Found a staircase to the Slime Pits.
 23112 | Lair:5   | Found a viscous altar of Jiyva.
 23818 | Lair:5   | Offered knowledge of Starburst by Vehumet.
 23861 | Lair:5   | Reached skill level 16 in Spellcasting
 25136 | Lair:5   | Reached skill level 5 in Shields
 25285 | Lair:5   | Found a corrupted altar of Lugonu.
 25297 | Lair:5   | Found a one-way gate to the infinite horrors of the Abyss.
 25554 | Orc:1    | Entered Level 1 of the Orcish Mines
 26168 | Orc:2    | Entered Level 2 of the Orcish Mines
 26466 | Orc:2    | Offered knowledge of Bombard by Vehumet.
 26556 | Orc:2    | Found a roughly hewn altar of Beogh.
 26738 | Orc:2    | Found a staircase to the Elven Halls.
 26937 | Orc:2    | Found Tusuem's Assorted Antiques.
 27213 | Orc:2    | Reached skill level 10 in Conjurations
 27632 | Orc:1    | Reached skill level 17 in Spellcasting
 27682 | Orc:2    | Reached XP level 15. HP: 82/98 MP: 36/36
 27725 | Orc:2    | Found Battaaq's Antique Armour Boutique.
 28237 | Orc:2    | Offered knowledge of Eringya's Noxious Bog by Vehumet.
 28401 | Orc:1    | Noticed Erolcha
 28477 | Orc:2    | Found Retolagh's Antique Weapon Shoppe.
 28477 | Orc:2    | Found Piruast's Jewellery Boutique.
 28478 | Orc:2    | Found Pydeur's Assorted Antiques.
 28478 | Orc:2    | Found Ankuc's Magic Scroll Shoppe.
 28487 | Orc:2    | Bought a scroll of teleportation for 48 gold pieces
 28487 | Orc:2    | Bought a scroll of revelation for 120 gold pieces
 28487 | Orc:2    | Bought a scroll of revelation for 120 gold pieces
 28487 | Orc:2    | Bought a scroll of fear for 64 gold pieces
 28587 | Orc:1    | Killed Erolcha
 28936 | Orc:1    | Found a roughly hewn altar of Beogh.
 29268 | D:12     | Found a gate leading to a gauntlet.
 29300 | D:12     | Found Duarim's One-of-a-Kind Rings.
 29312 | D:12     | Bought the ring "Nithruefu" {Fire Int+4} for 565 gold
                  | pieces
 29364 | Gauntlet | Entered a Gauntlet
 29364 | Gauntlet | Found a transporter.
 29364 | Gauntlet | Found a transporter.
 29364 | Gauntlet | Found a transporter.
 29434 | Gauntlet | Found a transporter.
 29437 | Gauntlet | Found a transporter.
 29451 | Gauntlet | Found a transporter.
 29453 | Gauntlet | Found a transporter.
 29475 | Gauntlet | Found a transporter.
 29553 | Gauntlet | Found a transporter.
 29568 | Gauntlet | Found a transporter.
 29570 | Gauntlet | Found a large runed translucent door.
 29571 | Gauntlet | Found a large runed translucent door.
 29572 | Gauntlet | Found a large runed translucent door.
 29572 | Gauntlet | Found a large runed translucent door.
 29572 | Gauntlet | Found a runed translucent door.
 29572 | Gauntlet | Found a runed translucent door.
 29573 | Gauntlet | Found a large runed translucent door.
 29573 | Gauntlet | Found a large runed translucent door.
 29573 | Gauntlet | Found a large runed translucent door.
 29573 | Gauntlet | Found a large runed translucent door.
 29574 | Gauntlet | Found a large runed translucent door.
 29575 | Gauntlet | Found a large runed translucent door.
 29576 | Gauntlet | Found a large runed translucent door.
 29576 | Gauntlet | Found a large runed translucent door.
 29577 | Gauntlet | Found a large runed translucent door.
 29577 | Gauntlet | Found a large runed translucent door.
 29577 | Gauntlet | Found a large runed translucent door.
 29577 | Gauntlet | Found a large runed translucent door.
 29580 | Gauntlet | Found a runed translucent gate.
 29580 | Gauntlet | Found a runed translucent gate.
 29580 | Gauntlet | Found a runed translucent gate.
 29582 | Gauntlet | Found a transporter.
 29603 | Gauntlet | Found a transporter.
 29815 | Gauntlet | Identified the ring "Tinofouw" {rF++ Int+6 Dex+4}
 29831 | Gauntlet | Identified the staff of the Elven Halls {rPois Str+4 Dex+3
                  | Tloc Fire Alchemy}
 30286 | D:12     | Noticed Rupert
 31389 | D:14     | Noticed Azrael
 31392 | D:14     | Killed Azrael
 31562 | D:14     | Reached skill level 18 in Spellcasting
 31838 | D:14     | Found a hazy altar of Hepliaklqana.
 31942 | D:14     | Noticed Roxanne
 31986 | D:14     | Identified the +4 hand axe of Girais {freeze, rF+ Will+
                  | Int+3}
 32185 | D:14     | Found a gate to the Vaults.
 32218 | D:15     | Entered Level 15 of the Dungeon
 32339 | D:15     | Reached skill level 10 in Fire Magic
 32609 | D:14     | Reached ****** piety under Vehumet
 33181 | D:15     | Offered knowledge of Spellforged Servitor by Vehumet.
 33610 | D:15     | Identified the scarf of Eternal Vigilance {shadows, rC+
                  | Str+3 Slay+3 Stlth-}
 33655 | D:15     | Found a staircase to the Depths.
 34221 | D:15     | Reached XP level 16. HP: 94/104 MP: 19/38
 34883 | Spider:1 | Entered Level 1 of the Spider Nest
 35135 | Spider:1 | Offered knowledge of Fire Storm by Vehumet.
 35135 | Spider:1 | Offered knowledge of Shatter by Vehumet.
 35135 | Spider:1 | Offered knowledge of Polar Vortex by Vehumet.
 35275 | Spider:1 | Reached skill level 19 in Spellcasting
 36752 | Spider:2 | Reached skill level 10 in Shields
 36851 | Spider:2 | Noticed Arachne
 36865 | Spider:2 | Killed Arachne
 37226 | Spider:3 | Reached skill level 20 in Spellcasting
 37481 | Spider:3 | Reached XP level 17. HP: 109/109 MP: 16/41
 38406 | Spider:4 | Entered Level 4 of the Spider Nest
 38985 | Spider:4 | Reached skill level 21 in Spellcasting
 39470 | Spider:4 | Learned a level 4 spell: Iskenderun's Mystic Blast
 39902 | Spider:4 | Identified the +0 pair of gloves "Wadij" {rN+++ Int+2 Dex-2
                  | SInv}
 40019 | Spider:4 | Got a gossamer rune of Zot
 40034 | Spider:4 | Found the +3 pair of mountain boots {steadfast, rC+}
 40437 | Shoals:1 | Entered Level 1 of the Shoals
 40962 | Shoals:1 | Noticed a kraken
 40969 | Shoals:1 | Killed a kraken
 41337 | Shoals:1 | Learned a level 8 spell: Ignition
 41410 | Shoals:1 | Reached skill level 5 in Fighting
 41603 | Shoals:2 | Slain by a merfolk impaler

Illustrated notes

Levels and vault maps discovered:
D:1:      wander_arrival_estate, layout_basic
D:2:      layout_basic, serial_shops, shop, nicolae_shop_tiny_glass,
          nicolae_shop_real_fake_doors, shop, ebering_ecumenical_altar_mist
D:3:      layout_basic, gammafunk_temple_overflow_claw, minmay_vboxes,
          uniq_terence, uniq_robin
D:4:      layout_rooms, vehumet_altar_wand_db, nicolae_sif_muna_condensation
D:5:      layout_layer_cave, nicolae_dithmenos_shadow_blocks
D:6:      layout_loops_ring, kennysheep_mini, nicolae_ashenzari_skybound,
          uniq_duvessa
D:7:      layout_loops_corners, mainiacjoe_overflow_catwalk_spiral,
          nicolae_elyvilon_peaceful_grove, lemuel_temple_firewalk_b,
          serial_undead, serial_undead_c, serial_undead_c, serial_undead_e,
          serial_undead_e, serial_undead_e, serial_undead_a, uniq_menkaure
D:8:      layout_loops_ring, roderic_lattice_a
D:9:      layout_basic, tso_oasis_becter, uniq_erica
D:10:     layout_irregular_city, mainiacjoe_overflow_concentric_impassable,
          hellmonk_ghost_happy_afterlife, hangedman_minor_magic, uniq_maurice
D:11:     layout_grid_maze, dpeg_lair_monsters, orc_0_dummy,
          hangedman_abyss_or_decor_lesser_grid
D:12:     layout_long_grid, gauntlet_entry_generic, nicolae_shop_unique_rings,
          uniq_rupert
D:13:     layout_cave_pools
D:14:     layout_small_grid, hellmonk_vaults_keyhole, st_stairs_13,
          nicolae_eternal_life, nzn_hepliaklqana_mist_gate, uniq_azrael,
          uniq_roxanne
D:15:     gammafunk_depths_entry_grave, layout_layer_cave, minmay_rotating_lava
Lair:1:   layout_misc_corridors, grunt_megastairs_4
Lair:2:   layout_layer_cave, nicolae_shoals_entry_roost,
          portal_ice_cave_entry_pillars_1
Lair:3:   layout_regular_city, hellmonk_spider_entry_life_and_decay,
          gammafunk_ghost_icy
Lair:4:   layout_gridlike, lemuel_fruit_fields
Lair:5:   hellmonk_lair_end_abyssal_woods, layout_small_grid,
          nicolae_slime_entry_slimehenge, serial_bayou_shore_a
Shoals:1: layout_shoals, nicolae_shoals_gull_way
Shoals:2: layout_shoals, serial_shops, nicolae_shop_hallway_stairs
Spider:1: layout_cave_pods
Spider:2: layout_cave_pods, uniq_arachne
Spider:3: layout_cave_pods, hangedman_spider_tarantella_strand
Spider:4: johnstein_spider_rune_arachne_lair
Orc:1:    layout_caves, david_defended_altar_orc, uniq_erolcha
Orc:2:    st_orc_ogre_mass, layout_caves, basic_altar, serial_shops,
          nicolae_shop_tiny_real_fake_doors, shop

Skill      XL: |  1  2  3  4  5  6  7  8  9 10 11 12 13 14 15 16 17 |
---------------+----------------------------------------------------+-----
Conjurations   | 1 2 3 4 5 6 7 8 10 | 10.0
Spellcasting   | 3 4 5 7 8 10 11 13 14 15 17 18 20 21 | 21.9
Earth Magic    | 3 4 5 6 7 8 |  8.0
Fighting       | 2 3 5 |  5.0
Dodging        | 3 5 7 8 9 |  9.0
Alchemy        | 2 4 5 |  5.4
Fire Magic     | 3 5 7 8 10 11 12 | 12.0
Shields        | 3 6 8 10 12 | 12.0
Stealth        | |  1.5

Action                     |  1- 3 |  4- 6 |  7- 9 | 10-12 | 13-15 | 16-18 || total
---------------------------+-------+-------+-------+-------+-------+-------++-------
  Melee: Staff             |       |     9 |    17 |     8 |    14 |     2 ||    50
   Cast: Sandblast         |    64 |    30 |     6 |     4 |       |       ||   104
         Stone Arrow       |       |    39 |   173 |   227 |   338 |   235 ||  1012
         Flame Wave        |       |       |       |     5 |     1 |     6 ||    12
         Irradiate         |       |       |       |    24 |    58 |    54 ||   136
         Fireball          |       |       |       |    58 |   307 |   256 ||   621
         Iskenderun's Myst |       |       |       |       |       |     1 ||     1
  Evoke: Wand              |       |     1 |     2 |       |     1 |    10 ||    14
         Phial of floods   |       |       |       |       |       |     1 ||     1
         Sack of spiders   |       |       |       |       |       |     1 ||     1
    Use: Scroll            |       |       |     8 |     3 |     3 |     1 ||    15
 Armour: Robe              |     2 |       |       |       |       |       ||     2
         Leather armour    |    12 |    42 |    48 |   122 |   138 |   134 ||   496
  Dodge: Dodged            |    17 |    28 |    37 |   103 |   146 |   110 ||   441
  Block: Kite shield       |       |       |       |       |    59 |   166 ||   225

Table legend: (Time is in decaauts)
 A = Elapsed time spent in this place.
 B = Non-inter-level travel time spent in this place.
 C = Inter-level travel time spent in this place.
 D = Time resting spent in this place.
 E = Time spent auto-exploring this place.
 F = Levels seen in this place.
 G = Mean time per level.
                   A        B        C        D        E       F      G
               +--------+--------+--------+--------+--------+-----+--------+
         Total |  41716 |  40236 |   1480 |    882 |  34005 |  30 | 1390.5 |
       Dungeon |  20033 |  19346 |    687 |    225 |  16758 |  15 | 1335.5 |
          Lair |   9591 |   9174 |    417 |    228 |   7915 |   5 | 1918.2 |
        Shoals |   1112 |   1084 |     28 |      0 |    977 |   2 |  556.0 |
   Spider Nest |   5470 |   5255 |    215 |    239 |   4103 |   4 | 1367.5 |
  Orcish Mines |   3435 |   3304 |    131 |    115 |   2777 |   2 | 1717.5 |
      Ice Cave |   1523 |   1523 |      0 |      0 |   1305 |   1 | 1523.0 |
      Gauntlet |    549 |    549 |      0 |     75 |    170 |   1 |  549.0 |
               +--------+--------+--------+--------+--------+-----+--------+

Top non-repeatable levels by time:
  Lair:5: 3158 daAuts
    D:11: 2298 daAuts
    D:15: 2181 daAuts
  Lair:2: 2147 daAuts
   Orc:2: 1824 daAuts
  Lair:4: 1822 daAuts
     D:7: 1738 daAuts
Spider:4: 1702 daAuts
     D:8: 1697 daAuts
   Orc:1: 1611 daAuts
    D:14: 1585 daAuts
    D:10: 1554 daAuts
Spider:3: 1538 daAuts
   IceCv: 1523 daAuts
  Lair:3: 1383 daAuts
